 Dungeon Crawl Stone Soup version 0.23.2-1-ga50397a (webtiles) character file.

Game seed: 13621654104030673649

1073 xveg the Vandal (level 8, -1/68 HPs)
             Began as a Minotaur Hunter on May 8, 2019.
             Was a Follower of Dithmenos.
             Killed by divine providence
             ... invoked by an orc priest
              (17 damage)
             ... on level 7 of the Dungeon.
             The game lasted 00:16:41 (4580 turns).

xveg the Vandal (Minotaur Hunter)                   Turns: 4580, Time: 00:16:42

Health: -1/68      AC:  7    Str: 19    XL:     8   Next: 7%
Magic:  4/7        EV: 12    Int:  8    God:    Dithmenos [*.....]
Gold:   237        SH:  0    Dex: 11    Spells: 7/7 levels left

rFire    . . .     SeeInvis .   E - +0 shortbow
rCold    . . .     Gourm    .   (shield currently unavailable)
rNeg     . . .     Faith    .   n - +2 ring mail
rPois    .         Spirit   .   (helmet restricted)
rElec    .         Reflect  .   (no cloak)
rCorr    .         Harm     .   (no gloves)
MR       .....                  (no boots)
Stlth    +.........             p - amulet of rage
HPRegen  0.21/turn              (no ring)
MPRegen  0.10/turn              (no ring)

@: flying, wreathed by umbra
A: retaliatory headbutt, horns 2
a: Renounce Religion, Evoke Berserk Rage


You were on level 7 of the Dungeon.
You worshipped Dithmenos.
Dithmenos was aware of your devotion.
You were hungry.

You visited 1 branch of the dungeon, and saw 7 of its levels.

You collected 237 gold pieces.

Inventory:

Hand Weapons
 a - a +1 hunting sling
 b - a +0 short sword
 q - a +0 arbalest
 E - a +0 shortbow (weapon)
 H - the +7 lajatang of Order {silver, rMut}
   (You found it on level 6 of the Dungeon)

   It protects you from mutation.
Missiles
 d - 78 sling bullets
 e - 194 stones
 F - 51 arrows (quivered)
Armour
 c - a +1 leather armour
 n - a +2 ring mail (worn)
 y - a +0 shield
 A - a cursed -1 leather armour
Jewellery
 p - an amulet of rage (around neck)
 r - an uncursed ring of protection from magic
 s - an uncursed ring of wizardry
 u - a cursed -3 ring of intelligence
 v - an uncursed ring of wizardry
 w - an uncursed amulet of the acrobat
Scrolls
 h - 2 scrolls of identify
 i - 2 scrolls of fear
 l - 2 scrolls of teleportation
 t - 2 scrolls of noise
 x - 5 scrolls of remove curse
 C - a scroll of magic mapping
Potions
 g - a potion of lignification {unknown}
 j - a potion of agility {unknown}
 k - a potion of might {unknown}
 m - 2 potions of flight
 z - a potion of brilliance {unknown}
 B - a potion of curing {unknown}
 D - a potion of haste {unknown}
Comestibles
 f - 9 rations


   Skills:
 + Level 5.1 Fighting
 + Level 0.4 Short Blades
 + Level 7.8 Slings
 * Level 4.6 Crossbows
 + Level 0.7(4.4) Throwing
 + Level 3.2 Armour
 * Level 3.8 Dodging
 + Level 0.9 Stealth


You had 7 spell levels left.
You didn't know any spells.
Your spell library was empty.

Dungeon Overview and Level Annotations

Branches:
Dungeon (7/15)             Temple (0/1) D:7

Altars:
Dithmenos
Okawaru

Shops:
D:6 =


Innate Abilities, Weirdness & Mutations

You reflexively headbutt those who attack you in melee.
You have a pair of horns on your head.


Message History

You shoot an arrow.
The arrow hits the orc but does no damage.
The orc is almost dead.
The orc misses you.
The orc priest casts a cantrip, but nothing happens.
Firing (i - inventory. (/) - cycle)
F - 53 arrows (quivered)
Press: ? - help, Shift-Dir - straight line, f/p - orc
Aim: an orc, wielding a +0 flail and wearing a +0 chain mail (almost dead, umbra)
You shoot an arrow.
The arrow hits the orc but does no damage.
The orc is almost dead.
The orc misses you.
Firing (i - inventory. (/) - cycle)
F - 52 arrows (quivered)
Press: ? - help, Shift-Dir - straight line, f/p - orc
Aim: an orc, wielding a +0 flail and wearing a +0 chain mail (almost dead, umbra)
You shoot an arrow. The arrow closely misses the orc.
The arrow closely misses the orc priest.
The orc priest mumbles some strange prayers to Beogh against you.
Beogh smites you!
You die...

## ## .... ...##
♣.♣.♣ ♣...#
.%%8...8..#
.♣.♣.♣.♣.♣.♣.#
.8...8...8....###...
.♣.♣.♣.♣.♣.♣.♣.....#
.8...8...8(..8@#
.♣.♣.♣.♣.♣.♣.♣o♣#
....8...8...8oc.#
#♣.♣.♣.♣.♣.♣(♣o♣#
#.8...8...8(.(8.#
♣.♣.♣.♣.♣.♣(♣.♣#
...8...8...8...#
#♣.♣.♣.♣(♣.♣.♣.♣#
#.8...8...8...8.#


You could see a centaur, 2 orc priests and an orc.

Vanquished Creatures
  3 ogres
  A centaur (D:6)
  A bullfrog (D:7)
  A scorpion (D:7)
  A howler monkey (D:4)
  A crimson imp (D:6)
  A bullfrog zombie (D:5)
  3 orc priests
  4 hounds
  2 worker ants
  2 hound zombies (D:6)
  A hound skeleton (D:4)
  3 worker ant zombies
  5 adders
  A shadow imp (D:5)
  An ooze (D:6)
  An adder skeleton (D:4)
  4 worms
  2 dart slugs
  3 leopard geckos
  13 orcs
  A ball python (D:2)
  6 bats
  4 giant cockroaches
  8 goblins
  16 hobgoblins
  14 jackals
  3 quokkas
  4 frilled lizards
  4 kobolds
  A quokka skeleton (D:4)
  2 rats (D:2)
117 creatures vanquished.

Notes
Turn   | Place    | Note
-------+----------+-------------------------------------------
     0 | D:1      | xveg the Minotaur Hunter began the quest for the Orb.
     0 | D:1      | Reached XP level 1. HP: 18/18 MP: 0/0
   142 | D:1      | Reached XP level 2. HP: 25/25 MP: 1/1
   942 | D:2      | Reached skill level 5 in Slings
   978 | D:2      | Reached XP level 3. HP: 25/30 MP: 2/2
  1009 | D:2      | Reached skill level 1 in Armour
  1151 | D:3      | Reached XP level 4. HP: 16/38 MP: 3/3
  1839 | D:2      | You fall through a shaft for 2 floors!
  1848 | D:4      | Reached skill level 6 in Slings
  1848 | D:4      | Reached XP level 5. HP: 46/46 MP: 4/4
  2374 | D:4      | Noticed an ogre
  2430 | D:4      | Killed an ogre
  2430 | D:4      | Reached XP level 6. HP: 18/53 MP: 5/5
  2490 | D:4      | Found a shadowy altar of Dithmenos.
  2521 | D:4      | Reached skill level 7 in Slings
  2576 | D:4      | Became a worshipper of Dithmenos the Shadowed
  2620 | D:5      | Entered Level 5 of the Dungeon
  3098 | D:5      | Reached * piety under Dithmenos
  3101 | D:5      | Reached XP level 7. HP: 47/60 MP: 6/6
  3485 | D:6      | Found Jingieff's Jewellery Boutique.
  3508 | D:6      | Reached skill level 1 in Crossbows
  3819 | D:6      | Found an iron altar of Okawaru.
  4235 | D:6      | Found the +7 lajatang of Order {silver, rMut}
  4521 | D:7      | Found a staircase to the Ecumenical Temple.
  4526 | D:7      | Reached XP level 8. HP: 67/67 MP: 7/7
  4561 | D:7      | Reached ** piety under Dithmenos
  4561 | D:7      | Reached skill level 5 in Fighting
  4580 | D:7      | Killed from afar by an orc priest

Skill      XL: |  1  2  3  4  5  6  7  8 |
---------------+-------------------------+-----
Slings         | 5 6 7 |  7.8
Armour         | 1 2 3 |  3.2
Fighting       | 3 4 5 |  5.1
Dodging        | 3 |  3.8
Crossbows      | 4 |  4.6
Short Blades   | |  0.4
Throwing       | |  0.7
Stealth        | |  0.9

Action                   |  1- 3 |  4- 6 |  7- 9 || total
-------------------------+-------+-------+-------++-------
Melee: Short sword       |     3 |    11 |     5 ||    19
       Headbutt          |     1 |     2 |     2 ||     5
 Fire: Hunting sling     |    97 |   142 |    11 ||   250
       Arbalest          |       |    30 |    57 ||    87
       Shortbow          |       |       |     4 ||     4
Throw: Stone             |       |       |    35 ||    35
Invok: Shadow Step       |       |       |     1 ||     1
  Use: Scroll            |       |    10 |     3 ||    13
       Potion            |       |       |     1 ||     1
  Eat: Chunk             |       |     4 |     3 ||     7
       Ration            |       |     1 |       ||     1
Armor: Leather armour    |     4 |       |       ||     4
       Ring mail         |    15 |    29 |    17 ||    61
Dodge: Dodged            |    25 |    67 |    58 ||   150
